 Dungeon Crawl Stone Soup version 0.18.1-8-gdd0e5ea (webtiles) character file.

1266 JeeperCreeper the Covered (level 8, -4/61 HPs)
             Began as a Demonspawn Abyssal Knight on June 5, 2016.
             Was an Elder of Lugonu.
             Killed from afar by Joseph (21 damage)
             ... with an exploding inner flame
             ... hexed by the player character
             ... on level 7 of the Dungeon on June 6, 2016.
             The game lasted 01:46:36 (6609 turns).

JeeperCreeper the Covered (DsAK)                    Turns: 6609, Time: 01:46:41

Health: -4/61      AC:  9    Str: 13    XL:     8   Next: 27%
Magic:  11/11      EV: 11    Int: 17    God:    Lugonu [****..]
Gold:   303        SH:  3    Dex: 15    Spells: 1 memorised, 5 levels left

rFire  . . .     SeeInvis .     G - +0 war axe
rCold  + . .     Gourm    +     L - +2 ring mail {rC+}
rNeg   . . .     Faith    .     w - +0 buckler
rPois  .         Spirit   .     (no helmet)
rElec  .         Dismiss  .     (no cloak)
rCorr  .         Reflect  .     (no gloves)
SustAt .         Harm     .     (no boots)
MR     .....                    K - amulet of the gourmand
Stlth  +.........               (no ring)
                                x - +4 ring of intelligence

@: not resistant to hostile enchantments, very unstealthy
A: hooves 2, icy blue scales 1, demonic guardian 1, spiny 1
a: Depart the Abyss, Bend Space, Banish, Corrupt, Renounce Religion


You were on level 7 of the Dungeon.
You worshipped Lugonu.
Lugonu was greatly pleased with you.
You were full.

You visited 1 branch of the dungeon, and saw 7 of its levels.
You visited the Abyss 1 time.

You collected 303 gold pieces.

Inventory:

Hand Weapons
 a - a +1 hand axe
 f - a +0 dagger of electrocution
 l - a +0 hunting sling
 t - a +0 quarterstaff
 C - a +0 rapier
 D - a +4 spear
 G - a +0 war axe (weapon)
 J - a +0 short sword
 M - a +0 long sword
Missiles
 d - 29 arrows
 k - 228 stones (quivered)
 q - 33 sling bullets
 r - 22 poisoned needles
 y - 43 bolts
Armour
 b - a +0 leather armour
 h - a +0 ring mail
 w - a +0 buckler (worn)
 A - a +0 chain mail
 H - a +0 plate armour
 L - a +2 ring mail of cold resistance (worn)
Magical Staves
 E - a cursed staff of power {unknown}
Jewellery
 x - a +4 ring of intelligence (left hand)
 K - an amulet of the gourmand (around neck)
Scrolls
 e - 2 scrolls of magic mapping
 i - a scroll of vulnerability {unknown}
 m - 5 scrolls of remove curse
 n - a scroll of enchant weapon {unknown}
 o - 2 scrolls of identify
 u - a scroll of teleportation {unknown}
 B - 3 scrolls of immolation
 F - a scroll of noise {unknown}
 N - 3 scrolls of enchant armour {unknown}
Potions
 p - a potion of mutation
 v - 2 potions of lignification
 z - a potion of degeneration {unknown}
 O - a potion of might {unknown}
Books
 s - a book of Ice

   Spells                             Type                      Level
   a - Ice Form                       Ice/Transmutation            4
   b - Metabolic Englaciation         Hexes/Ice                    5
   c - Ozocubu's Refrigeration        Ice                          6
   d - Bolt of Cold                   Conjuration/Ice              6
   e - Freezing Cloud                 Conjuration/Ice/Air          6
   f - Simulacrum                     Ice/Necromancy               6
 P - a book of Misfortune

   Spells                             Type                      Level
   a - Confusing Touch                Hexes                        2
   b - Confuse                        Hexes                        3
   c - Gell's Gravitas                Hexes/Translocation          3
   d - Petrify                        Transmutation/Earth          4
   e - Metabolic Englaciation         Hexes/Ice                    5
   f - Yara's Violent Unravelling     Hexes/Transmutation          5
Comestibles
 c - 3 bread rations
 j - a royal jelly
 I - 3 meat rations
 Q - 3 chunks of flesh


   Skills:
 + Level 4.4 Fighting
 * Level 4.4(4.6) Axes
 - Level 1.1(3.1) Polearms
 - Level 0.1(0.7) Staves
 - Level 0.1 Slings
 + Level 6.0 Armour
 + Level 3.2 Dodging
 - Level 1.2 Stealth
 * Level 2.1 Spellcasting
 - Level 2.6 Invocations


You had 5 spell levels left.
You knew the following spells:

 Your Spells              Type           Power        Failure   Level  Hunger
a - Bolt of Cold          Conj/Ice       #.........   100%        6    #######


Dungeon Overview and Level Annotations

Branches:
Dungeon (7/15)
 Temple: D:4-7

Altars:
Ashenzari
Nemelex Xobeh
Okawaru
Vehumet
Yredelemnul
Zin

Shops:
D:5 :


Innate Abilities, Weirdness & Mutations

You have hoof-like feet.
You are partially covered in icy blue scales (AC +1).
A weak demonic guardian rushes to your aid.
You are partially covered in sharp spines.


Message History

Joseph is moderately wounded.
The orc wizard is struck by your spines.
The orc wizard hits you but does no damage.
Joseph is struck by your spines.
Joseph hits you with an uncursed quarterstaff!
* * * LOW HITPOINT WARNING * * *
As you read the scroll of immolation, it crumbles to dust.
The creatures around you are filled with an inner flame!
The orc wizard is struck by your spines.
The orc wizard explodes!
The fiery explosion engulfs the orc.
The orc explodes!
The fiery explosion engulfs Joseph.
Joseph is severely wounded.
The fiery explosion engulfs the orc.
The orc explodes!
The fiery explosion engulfs Joseph.
Joseph explodes!
The fiery explosion engulfs you!
You die...

.. ... ?.. #.# ##.......# #.#
#..#.#.#.###.# ##..>.........#
...........§§.#
.........§§§########.
.......§§§@........
##.####.##..§§§§..######
.........<.....########
#######....###........##########
##..##.......####...........
#...###........#######......
#.......######....####......
######..#≈≈≈≈####.##......##
#..#≈≈≈≈# #........##


There were no monsters in sight!

Vanquished Creatures
  An ice beast (D:6)
  2 necrophages
  A phantom (D:4)
  A giant frog (D:6)
  A scorpion (D:4)
  2 crimson imps
  A gnoll shaman (D:4)
  3 orc priests
  2 hounds
  7 orc wizards
  3 worker ants
  A hound zombie (D:6)
  4 hound skeletons (D:4)
  6 gnolls
  4 adders
  A shadow imp (D:5)
  2 oozes (D:2)
  2 adder zombies
  An adder skeleton (D:4)
  3 worms
  5 dart slugs
  3 giant geckos
  16 orcs
  5 giant cockroaches
  2 gnoll zombies (D:5)
  6 goblins
  5 hobgoblins
  15 jackals
  6 kobolds
  A quokka (D:2)
  A ball python (D:3)
  2 bats
  A giant gecko zombie (D:5)
  3 giant newts
  A quokka zombie (D:6)
  4 rats
124 creatures vanquished.

Notes
Turn   | Place    | Note
--------------------------------------------------------------
     0 | Abyss:1  | JeeperCreeper the Demonspawn Abyssal Knight began the quest for the Orb.
     0 | Abyss:1  | Reached XP level 1. HP: 18/18 MP: 2/2
    13 | D:1      | Escaped the Abyss
   250 | D:1      | Reached skill level 1 in Dodging
   264 | D:1      | Gained mutation: You have large cloven feet. [demonic ancestry]
   264 | D:1      | Reached XP level 2. HP: 6/24 MP: 3/3
   545 | D:1      | Reached skill level 2 in Armour
  1277 | D:2      | Found a radiant altar of Vehumet.
  1277 | D:2      | Found a sparkling altar of Nemelex Xobeh.
  1329 | D:2      | Gained mutation: You are partially covered in sharp spines. [demonic ancestry]
  1329 | D:2      | Reached XP level 3. HP: 24/29 MP: 4/4
  1413 | D:2      | Reached ** piety under Lugonu
  1923 | D:2      | Reached XP level 4. HP: 20/37 MP: 5/5
  2672 | D:3      | Found a shattered altar of Ashenzari.
  2908 | D:3      | Reached skill level 3 in Armour
  3110 | D:3      | Gained mutation: You have hoof-like feet. [demonic ancestry]
  3110 | D:3      | Reached XP level 5. HP: 42/42 MP: 6/6
  3210 | D:4      | Found an iron altar of Okawaru.
  3268 | D:4      | Reached *** piety under Lugonu
  3346 | D:4      | Reached skill level 1 in Polearms
  3346 | D:4      | Reached skill level 1 in Stealth
  3473 | D:4      | Reached XP level 6. HP: 48/48 MP: 7/7
  3832 | D:4      | Reached skill level 4 in Armour
  4028 | D:4      | Gained mutation: You are partially covered in icy blue scales (AC +1). [demonic ancestry]
  4028 | D:4      | Reached XP level 7. HP: 53/53 MP: 8/8
  4168 | D:4      | Reached skill level 5 in Armour
  4429 | D:3      | Learned a level 6 spell: Bolt of Cold
  4649 | D:4      | Reached skill level 1 in Spellcasting
  4784 | D:5      | Entered Level 5 of the Dungeon
  4821 | D:5      | Found Zaicakeph's Book Emporium.
  5244 | D:5      | Found a basalt altar of Yredelemnul.
  5919 | D:6      | Gained mutation: A weak demonic guardian rushes to your aid. [demonic ancestry]
  5919 | D:6      | Reached XP level 8. HP: 41/59 MP: 9/11
  5979 | D:6      | Reached **** piety under Lugonu
  6375 | D:6      | Reached skill level 6 in Armour
  6442 | D:6      | Found a glowing silver altar of Zin.
  6597 | D:7      | Noticed Joseph
  6609 | D:7      | Killed Joseph
  6609 | D:7      | Killed from afar by Joseph

Skill      XL: |  1  2  3  4  5  6  7  8 |
---------------+-------------------------+-----
Dodging        | 1 2 3 |  3.2
Armour         | 2 3 4 5 6 |  6.0
Axes           | 2 3 4 |  4.4
Polearms       | 1 |  1.1
Stealth        | 1 |  1.2
Fighting       | 4 |  4.4
Spellcasting   | 2 |  2.1
Staves         | |  0.1
Slings         | |  0.1
Invocations    | |  2.6

Action                   |  1- 3 |  4- 6 |  7- 9 || total
-------------------------+-------+-------+-------++-------
Melee: Hand axe          |    90 |     5 |       ||    95
       Kick              |     8 |    28 |    35 ||    71
       Quarterstaff      |     2 |    32 |       ||    34
       Spear             |       |    34 |       ||    34
       Rapier            |       |     1 |       ||     1
       War axe           |       |    35 |   128 ||   163
 Fire: Hunting sling     |    10 |       |       ||    10
Invok: Bend Space        |       |       |     1 ||     1
  Use: Scroll            |     1 |       |     6 ||     7
       Potion            |       |     3 |     4 ||     7
  Eat: Chunk             |     3 |     6 |     4 ||    13
       Bread ration      |       |     1 |     1 ||     2
       Meat ration       |       |     1 |       ||     1
Armor: Ring mail         |    36 |    22 |    16 ||    74
       Plate armour      |       |    22 |    58 ||    80
Dodge: Dodged            |    48 |    48 |    39 ||   135
Block: Buckler           |       |       |     5 ||     5
